 Dungeon Crawl Stone Soup version 0.21-a0-85-ga0cb861 (console) character file.

79 removed the Ducker (level 4, -4/28 HPs)
             Began as a Deep Elf Wanderer on June 25, 2017.
             Slain by an adder (5 damage)
             ... on level 2 of the Dungeon.
             The game lasted 00:03:45 (2678 turns).

removed the Ducker (Deep Elf Wanderer)              Turns: 2678, Time: 00:03:45

Health: -4/28      AC:  2    Str:  6    XL:     4   Next: 16%
Magic:  6/6        EV: 15    Int: 19    God:
Gold:   55         SH:  0    Dex: 16    Spells: 3/3 levels left

rFire    . . .     SeeInvis .   a - +2 falchion
rCold    . . .     Gourm    .   (no shield)
rNeg     . . .     Faith    .   c - +0 robe
rPois    .         Spirit   .   (no helmet)
rElec    .         Reflect  .   (no cloak)
rCorr    .         Harm     .   (no gloves)
MR       .....     Rnd*Tele +   (no boots)
Stlth    ++........             (no amulet)
HPRegen  0.09/turn              j - ring of teleportation (curse)
MPRegen  0.10/turn              (no ring)

@: lethally poisoned (-4 -> -8)
A: no striking features
a: no special abilities


You were on level 2 of the Dungeon.
You were hungry.

You visited 1 branch of the dungeon, and saw 2 of its levels.

You collected 55 gold pieces.

Inventory:

Hand Weapons
 a - a +2 falchion (weapon)
 d - a +0 dagger
Armour
 c - a +0 robe (worn)
Jewellery
 j - a cursed ring of teleportation (left hand)
Scrolls
 k - 2 scrolls of identify
Potions
 b - 2 potions of lignification
 g - a potion of might
 m - a potion of flight
 p - a potion of degeneration
Comestibles
 f - 2 bread rations
 n - 2 meat rations


   Skills:
 - Level 3.2 Fighting
 + Level 2.2 Long Blades
 - Level 1.0 Throwing
 - Level 4.5 Dodging
 - Level 2.4 Stealth


You had 3 spell levels left.
You didn't know any spells.

Dungeon Overview and Level Annotations

Branches:
Dungeon (2/15)

Altars:

Annotations:
D:2 exclusion: adder


Message History

You hit the adder.
The adder is severely wounded.
You hit the adder.
The adder is severely wounded.
The adder bites you.
* * * LOW HITPOINT WARNING * * *
You are lethally poisoned!
The adder poisons you!
You hit the adder but do no damage.
The adder is severely wounded.
* * * LOW HITPOINT WARNING * * *
You feel sick. The adder misses you. The adder bites you but does no damage.
You hit the adder.
The adder is severely wounded.
* * * LOW HITPOINT WARNING * * *
You feel sick. The adder barely misses you.
You miss the adder.
The adder is severely wounded.
The adder bites you.
You die...

###### #....# #....# #....# #####
#....# ##### #.... ####....#
#...# #######.### #.......# #...#
#...#...# #
##..<#+######...#######.#.#.#####
.....(.........S@.........>......
.......####.$...#########....####
##.##### #...### #†#..# ##.##
#...# #.#..# ....# #...# #.#.<#
....# #...#***** #.#.## ....#
#....,,,,* #.#.# ....# #.....,,,*
#.#.# ##### ####...,,* #...#


You could see an adder.

Vanquished Creatures
  2 adders (D:2)
  An ooze (D:2)
  2 worms
  2 dart slugs (D:1)
  3 giant cockroaches
  7 goblins
  6 hobgoblins (D:1)
  3 jackals (D:1)
  5 kobolds (D:1)
  6 bats (D:1)
  2 frilled lizards (D:1)
  6 rats
45 creatures vanquished.

Notes
Turn   | Place    | Note
-------+----------+-------------------------------------------
     0 | D:1      | removed the Deep Elf Wanderer began the quest for the Orb.
     0 | D:1      | removed set off with: a +2 falchion, 2 potions of lignification, a +0 robe, a +0 dagger, a bread ration
     0 | D:1      | Reached XP level 1. HP: 14/14 MP: 3/3
   405 | D:1      | Reached XP level 2. HP: 12/19 MP: 4/4
   494 | D:1      | Reached skill level 3 in Dodging
  1105 | D:1      | Reached XP level 3. HP: 20/23 MP: 5/5
  1137 | D:1      | Reached skill level 4 in Dodging
  2368 | D:2      | Reached XP level 4. HP: 10/28 MP: 6/6
  2604 | D:2      | HP: 1/28 [worm (9)]
  2677 | D:2      | HP: 1/28 [poisoned by an adder]
  2678 | D:2      | Slain by an adder

Vault maps used:
D:1:      onia_arrival_mini_maze
D:2:      fedhas_altar_4

Skill      XL: |  1  2  3 |
---------------+----------+-----
Dodging        | 3 4 |  4.5
Long Blades    | 2 |  2.2
Fighting       | |  3.2
Throwing       | |  1.0
Stealth        | |  2.4

Action                   |  1- 3 |  4- 6 || total
-------------------------+-------+-------++-------
Melee: Falchion          |   122 |    23 ||   145
  Use: Scroll            |     5 |       ||     5
 Stab: Sleeping          |     5 |     1 ||     6
       Distracted        |     1 |       ||     1
  Eat: Chunk             |     5 |       ||     5
Armor: Robe              |    22 |     2 ||    24
Dodge: Dodged            |   109 |    15 ||   124
       Rpst.: Falchion   |    39 |     3 ||    42
